 Dungeon Crawl Stone Soup version 0.23-a0-419-g0174fd8 (webtiles) character file.

16 Amnesiac the Sneak (level 2, -4/13 HPs)
             Began as a Spriggan Enchanter on Nov 12, 2018.
             Slain by an orc
             ... wielding a +0 whip
              (5 damage)
             ... on level 2 of the Dungeon on Nov 13, 2018.
             The game lasted 00:01:26 (339 turns).

Amnesiac the Sneak (Spriggan Enchanter)              Turns: 339, Time: 00:01:26

Health: -4/13      AC:  2    Str:  4    XL:     2   Next: 37%
Magic:  4/7        EV: 18    Int: 16    God:
Gold:   9          SH:  0    Dex: 16    Spells: 4/7 levels left

rFire    . . .     SeeInvis +   a - +1 dagger
rCold    . . .     Gourm    .   (shield restricted)
rNeg     . . .     Faith    .   b - +0 robe
rPois    .         Spirit   .   (helmet restricted)
rElec    .         Reflect  .   (no cloak)
rCorr    .         Harm     .   (gloves unavailable)
MR       .....                  (boots unavailable)
Stlth    +++.......             (no amulet)
HPRegen  0.04/turn              (no ring)
MPRegen  0.10/turn              (no ring)

@: very quick
A: very small, unfitting armour, see invisible, herbivore, speed 3, slow
metabolism 2
a: no special abilities


You were on level 2 of the Dungeon.
You were not hungry.

You visited 1 branch of the dungeon, and saw 3 of its levels.

You collected 9 gold pieces.

Inventory:

Hand Weapons
 a - a +1 dagger (weapon)
Armour
 b - a +0 robe (worn)
Scrolls
 c - a scroll of identify {!r, unknown}
 e - a scroll of teleportation {!r, unknown}
Comestibles
 d - a ration


   Skills:
 + Level 1.5 Short Blades
 - Level 3.0 Dodging
 * Level 5.0 Stealth
 - Level 3.0 Spellcasting
 + Level 3.8 Hexes


You had 4 spell levels left.
You knew the following spells:

 Your Spells              Type           Power        Failure   Level  Hunger
a - Ensorcelled Hibernat  Hex/Ice        #.....       13%         2    ##.....
b - Corona                Hex            ##.....      3%          1    #......

Your spell library contained the following spells:

 Spells                   Type           Power        Failure   Level  Hunger
 Confuse                  Hex            ##......     12%         3    ###....
 Tukima's Dance           Hex            ##......     12%         3    ###....
 Dazzling Spray           Conj/Hex       #.....       26%         3    ###....


Dungeon Overview and Level Annotations

Branches:
Dungeon (3/15)

Altars:


Innate Abilities, Weirdness & Mutations

You are very small and have problems with some larger weapons.
You are too small for most types of armour.
You have supernaturally acute eyesight. (SInv)
You are a herbivore.
You cover ground extremely quickly.
You need to consume almost no food.


Message History

The rat bites you.
You hit the rat but do no damage.
The rat is heavily wounded.
The rat misses you.
You hit the rat.
You kill the rat!
Your Stealth skill increases to level 5!
Memorise Ensorcelled Hibernation, consuming 2 spell levels and leaving 3?
You start memorising the spell.
You continue memorising. x2
You finish memorising.
Spell assigned to 'b'.
Adjust (i)tems, (s)pells, or (a)bilities?
Adjust which spell? b - Ensorcelled Hibernation Adjust to which letter? a - Ensorcelled Hibernation; b - Corona
Casting: Corona (safe; 3% risk of failure)
Confirm with . or Enter, or press ? or * to list all spells.
Aiming: Ensorcelled Hibernation (safe; 13% risk of failure)
Press: ? - help, Shift-Dir - straight line, f - orc
Aim: an orc, wielding a +0 flail and wearing a +0 leather armour (chance to You miscast Ensorcelled Hibernation.
You are very lightly contaminated with residual magic.
A chill runs through your body.
Casting: Ensorcelled Hibernation (safe; 13% risk of failure)
Confirm with . or Enter, or press ? or * to list all spells.
Aiming: Ensorcelled Hibernation (safe; 13% risk of failure)
Press: ? - help, Shift-Dir - straight line, f/p - orc
Aim: an orc, wielding a +0 flail and wearing a +0 leather armour (chance to The orc looks drowsy...
The helpless orc fails to defend itself.
You impale the orc!!
You kill the orc!
Training target 3.0 for Spellcasting reached!
Your Spellcasting skill increases to level 3!
You start resting.
Your magical contamination has completely faded away.
You start resting.
Magic restored.
Things that are here:
a +0 flail; a +0 leather armour; an orc corpse HP restored.
There is a stone staircase leading down here.
You climb downwards.
The orc closely misses you. x3
The frilled lizard closely misses you. The orc hits you with a +0 dagger.
There is a stone staircase leading up here.
The frilled lizard barely misses you. The orc closely misses you.
The orc hits you with a +2 falchion of freezing!
Ouch! That really hurt!
* * * LOW HITPOINT WARNING * * *
The orc freezes you.
* * * LOW HITPOINT WARNING * * *
The orc closely misses you.
You climb upwards.
An adder comes into view.
There is a stone staircase leading down here.
Casting: Ensorcelled Hibernation (safe; 13% risk of failure)
Confirm with . or Enter, or press ? or * to list all spells.
Aiming: Ensorcelled Hibernation (safe; 13% risk of failure)
Press: ? - help, Shift-Dir - straight line, f - orc
Aim: an orc, wielding a +0 whip and wearing a +0 leather armour (chance to The orc resists with significant effort.
The adder hisses angrily.
The orc hits you with a +0 whip.
You die...

..... ..(.S
.....#+# ...#.#
...<# #..# ###
#oo##############..
#l@o..........)...#
########.#.#####...
#.#.# #... #...#
#... #.### #... #.#
###. ### #. #. ##


You could see an adder, 3 orcs and a frilled lizard.

Vanquished Creatures
  An adder (D:3)
  An orc (D:2)
  A giant cockroach (D:1)
  A goblin (D:1)
  A frilled lizard (D:1)
  A rat (D:2)
6 creatures vanquished.

Notes
Turn   | Place    | Note
-------+----------+-------------------------------------------
     0 | D:1      | Amnesiac the Spriggan Enchanter began the quest for the
                  | Orb.
     0 | D:1      | Reached XP level 1. HP: 9/9 MP: 5/5
   262 | D:3      | Reached XP level 2. HP: 13/13 MP: 6/6
   277 | D:2      | Reached skill level 5 in Stealth
   291 | D:2      | Learned a level 2 spell: Ensorcelled Hibernation
   339 | D:2      | Slain by an orc

Vault maps used:
D:1:      tarquinn_simple_flora_water_e, minmay_close_crescents
D:2:      kennysheep_boxes, uniq_terence, uniq_natasha, uniq_sigmund
D:3:      fedhas_ov_isle_minmay, first_ration, serial_bayou_lake_a

Skill      XL: |  1  2 |
---------------+-------+-----
Stealth        | 5 |  5.0
Spellcasting   | 3 |  3.0
Short Blades   | |  1.5
Dodging        | |  3.0
Hexes          | |  3.8

Action                   || total
-------------------------++-------
Melee: Dagger            ||    17
 Cast: Corona            ||     2
       Ensorcelled Hiber ||     2
 Stab: Sleeping          ||     3
Dodge: Dodged            ||    17

Table legend:
 A = Non-vault XP
 B = Vault XP
 C = Vault XP percentage of total XP
 D = Non-vault monster count
 E = Vault monster count
 F = Vault count percentage of total count
                 A         B        C        D         E       F
            +---------+---------+-------+---------+---------+-------
      Total |      23 |       0 |   0.0 |       6 |       0 |   0.0
            +---------+---------+-------+---------+---------+-------
        D:1 |       5 |       0 |   0.0 |       3 |       0 |   0.0
        D:2 |       4 |       0 |   0.0 |       2 |       0 |   0.0
        D:3 |      14 |       0 |   0.0 |       1 |       0 |   0.0
            +---------+---------+-------+---------+---------+-------
